 Dungeon Crawl Stone Soup version 0.30-a0-341-g682706514a (webtiles) character file.

Game seed: 17751892486745092189

500 p00ps00p the Trooper (level 7, -3/58 HPs)
             Began as a Djinni Transmuter on Nov 4, 2022.
             Slain by Prince Ribbit (18 damage)
             ... on level 5 of the Dungeon.
             The game lasted 00:13:28 (5458 turns).

p00ps00p the Trooper (Djinni Transmuter)            Turns: 5458, Time: 00:13:29

Health: -3/58      AC:  2    Str:  9    XL:     7   Next: 40%
Gold:   240        EV: 12    Int: 16    God:
                   SH:  5    Dex: 14

rFire   + + .      SeeInvis .    f - +2 morningstar (protect)
rCold   x . .      Faith    .    i - +2 buckler {rN+}
rNeg    + . .      Spirit   .    a - +0 robe
rPois   ∞          Reflect  .    (no helmet)
rElec   .          Harm     .    (no cloak)
rCorr   .          Rampage  .    (no gloves)
Will    .....                    (boots unavailable)
Stlth   +.........               (no amulet)
HPRegen 0.29/turn                (no ring)
MPRegen 0.00/turn                (no ring)

@: flying
A: sickness immunity, fire resistance 2, cold vulnerability 1, float, innate
caster, HP casting, extra vitality 1
a: no special abilities


You were on level 5 of the Dungeon.
You visited 1 branch of the dungeon, and saw 5 of its levels.

You collected 240 gold pieces.

Inventory:

Hand Weapons
 f - a +2 morningstar of protection (weapon)
Armour
 a - a +0 robe (worn)
 d - a +0 plate armour
 i - a +2 buckler of positive energy (worn)
Wands
 n - a wand of roots (6)
Scrolls
 b - a scroll of identify
 k - a scroll of summoning {unknown}
 l - a scroll of noise {unknown}
 m - 2 scrolls of teleportation {unknown}
 o - a scroll of poison
Potions
 c - 2 potions of attraction
 h - a potion of degeneration {unknown}
 j - a potion of invisibility {unknown}


   Skills:
 * Level 7.3 Fighting
 - Level 2.1 Dodging
 - Level 3.0 Unarmed Combat
 - Level 1.5 Spellcasting


You couldn't memorise any spells.
You knew the following spells:

 Your Spells              Type           Power      Damage    Failure   Level
a - Beastly Appendage     Tmut           12%        N/A       16%         1
b - Wereblood             Tmut           6%         N/A       24%         2
c - Spider Form           Tmut/Pois      6%         N/A       43%         3
d - Ice Form              Ice/Tmut       6%         N/A       83%         4
e - Necrotise             Necr           24%        1d5       16%         1
f - Poisonous Vapours     Pois/Air       12%        N/A       24%         2
g - Hailstorm             Conj/Ice       6%         3d4       43%         3
Your spell library was empty.

Dungeon Overview and Level Annotations

Branches:
Dungeon (5/15)
 Temple: D:4-7

Altars:

Shops:
D:4 :

Annotations:
D:5 Prince Ribbit


Innate Abilities, Weirdness & Mutations

You are immune to sickness and miasma.
You are immune to poison.
Your flesh is very heat resistant. (rF++)
You are vulnerable to cold. (rC-)
You float through the air rather than walking.
You learn spells naturally, not from books.
Your magical power is your life essence.
You have superior vitality. (+4 MHP)


Message History

You closely miss Prince Ribbit. Prince Ribbit hits you!
Prince Ribbit completely misses you.
You hit Prince Ribbit.
Your weapon exudes an aura of protection.
Prince Ribbit is lightly wounded.
Your transformation is almost over.
Prince Ribbit hits you.
Prince Ribbit catches a mouse with his tongue.
You block Prince Ribbit's attack.
You closely miss Prince Ribbit. Your headbutt misses Prince Ribbit.
Prince Ribbit is lightly wounded.
Prince Ribbit barely misses you. You block Prince Ribbit's attack.
Prince Ribbit hits you!
You feel better.
Prince Ribbit blinks!
Aiming: Fastroot
Press: ? - help, Q - select action, (/) - cycle Shift-Dir - straight line, f - Prince Ribbit
Aim: Prince Ribbit (lightly wounded)
The roots erupt in riotous growth!
Roots grab Prince Ribbit.
The grasping roots constrict Prince Ribbit.
You hear a shout!
Prince Ribbit blinks free!
Aiming: Fastroot
Press: ? - help, Q - select action, (/) - cycle Shift-Dir - straight line, f/p - Prince Ribbit
Aim: Prince Ribbit (lightly wounded)
The roots erupt in riotous growth!
Roots grab Prince Ribbit.
The grasping roots constrict Prince Ribbit.
You hear a shout! x3
Prince Ribbit escapes!
Read: scroll of butterflies
Press: ? - help, Q - select action, (/) - cycle Dir - look around, f - activate Look: Prince Ribbit (moderately wounded)
As you read the scroll of butterflies, it crumbles to dust.
You hear the tinkle of a tiny bell.
Your horns disappear.
Prince Ribbit hits you!!
* * * LOW HITPOINT WARNING * * *
Prince Ribbit hits you!!
You die...

#..# #.# #.##..##.# ..#
#..###.#...#...... ....
##....#.##########.#####....
....#.#.. #.≈≈≈≈≈ .##.#.#
#.≈... .##.#.# #.≈.# .##.#.#
#.≈.# .##.#.# ##########bb.#
.##.#.#


#bbbbb@Fbbbb.# .##.#.# #b#######b#≈.# .##.#.# #.# #.#≈.# .##.#.# #.# #...≈.#
.##.#.# #.# ##..≈.# .##...### #.# ..≈.# .####...###.### #.≈.# .# #.#.......#
.≈.# .# #.#####.#.## You could see Prince Ribbit (ally target).

Vanquished Creatures
  Sigmund (D:4)
  A hound (D:4)
  Jessica (D:3)
  Terence (D:3)
  An iguana (D:5)
  2 orc wizards
  6 adders
  An ufetubus (D:5)
  2 dart slugs
  15 orcs
  5 ball pythons
  4 bats
  8 endoplasms
  5 giant cockroaches
  4 goblins
  10 hobgoblins
  7 jackals
  6 quokkas
  2 frilled lizards
  7 kobolds
  5 rats
94 creatures vanquished.

Notes
Turn   | Place    | Note
-------+----------+-------------------------------------------
     0 | D:1      | p00ps00p the Djinni Transmuter began the quest for the Orb.
     0 | D:1      | p00ps00p set off with the following spells memorised:
                  | Beastly Appendage, Wereblood, Spider Form, Ice Form.
     0 | D:1      | Reached XP level 1. HP: 17/17 MP: 0/0
   324 | D:1      | Reached skill level 2 in Fighting
   324 | D:1      | Reached XP level 2. HP: 23/23 MP: 0/0
   538 | D:1      | Reached XP level 3. HP: 29/29 MP: 0/0
   538 | D:1      | Learned a level 1 spell: Necrotise
  1239 | D:2      | Reached skill level 3 in Fighting
  1754 | D:2      | Reached XP level 4. HP: 28/37 MP: 0/0
  2074 | D:2      | Reached skill level 4 in Fighting
  2515 | D:3      | Reached XP level 5. HP: 34/42 MP: 0/0
  2515 | D:3      | Learned a level 2 spell: Poisonous Vapours
  2566 | D:3      | Noticed Terence
  2585 | D:3      | Killed Terence
  2639 | D:3      | Reached skill level 5 in Fighting
  3130 | D:3      | Noticed Jessica
  3154 | D:3      | Killed Jessica
  3155 | D:3      | Reached XP level 6. HP: 14/49 MP: 0/0
  4123 | D:4      | Reached skill level 6 in Fighting
  5054 | D:4      | Found Julenom's Book Emporium.
  5144 | D:4      | Noticed Sigmund
  5156 | D:4      | Killed Sigmund
  5157 | D:4      | Reached skill level 7 in Fighting
  5157 | D:4      | Reached XP level 7. HP: 48/58 MP: 0/0
  5157 | D:4      | Learned a level 3 spell: Hailstorm
  5238 | D:5      | Entered Level 5 of the Dungeon
  5444 | D:5      | Noticed Prince Ribbit
  5458 | D:5      | Slain by Prince Ribbit

Illustrated notes

Levels and vault maps discovered:
D:1:      heliophobic_arrival_glass_houses, layout_basic, serial_glass,
          glass_columns_a, glass_columns_c, glass_columns_c, glass_columns_b,
          glass_columns_c, glass_columns_a, serial_bayou_ford_a
D:2:      layout_rooms
D:3:      layout_basic, uniq_jessica, uniq_terence
D:4:      layout_loops_ring, serial_shops, shop, uniq_sigmund
D:5:      layout_basic, nicolae_overflow_squiral, minmay_temple_entry_overgrown,
          kennysheep_small_spiral, uniq_prince_ribbit1

Skill      XL: |  1  2  3  4  5  6 |
---------------+-------------------+-----
Fighting       | 2 3 4 5 7 |  7.3
Dodging        | |  2.1
Unarmed Combat | |  3.0
Spellcasting   | |  1.5

Action                   |  1- 3 |  4- 6 |  7- 9 || total
-------------------------+-------+-------+-------++-------
Melee: Unarmed           |   154 |   288 |       ||   442
       Headbutt          |    28 |    23 |     2 ||    53
       Punch             |     1 |       |       ||     1
       Morningstar       |       |    12 |    14 ||    26
 Cast: Beastly Appendage |    28 |    30 |     4 ||    62
Evoke: Wand              |       |       |     2 ||     2
  Use: Scroll            |     4 |     8 |     1 ||    13
       Potion            |       |     7 |     1 ||     8
 Stab: Sleeping          |     1 |     1 |       ||     2
Armor: Robe              |    29 |    32 |     3 ||    64
       Skin              |       |    60 |       ||    60
Dodge: Dodged            |    83 |   175 |    24 ||   282
Block: Buckler           |    23 |    62 |     7 ||    92

Table legend: (Time is in decaauts)
 A = Elapsed time spent in this place.
 B = Non-inter-level travel time spent in this place.
 C = Inter-level travel time spent in this place.
 D = Time resting spent in this place.
 E = Time spent auto-exploring this place.
 F = Levels seen in this place.
 G = Mean time per level.
                   A        B        C        D        E       F      G
               +--------+--------+--------+--------+--------+-----+--------+
         Total |   5477 |   5325 |    152 |   1918 |   2426 |   5 | 1095.4 |
       Dungeon |   5477 |   5325 |    152 |   1918 |   2426 |   5 | 1095.4 |
               +--------+--------+--------+--------+--------+-----+--------+

Top non-repeatable levels by time:
     D:4: 1598 daAuts
     D:2: 1257 daAuts
     D:1: 1217 daAuts
     D:3: 1176 daAuts
     D:5: 226 daAuts
